 Dungeon Crawl Stone Soup version 0.30-a0-881-g1ff12e1e11 (webtiles) character file.

Game seed: 8321489592171219266

232 Dittersdorf the Covered (level 6, -3/39 HPs)
             Began as a Gargoyle Fighter on Mar 14, 2023.
             Slain by an ogre
             ... wielding a +0 giant spiked club
              (4 damage)
             ... on level 3 of the Dungeon.
             The game lasted 00:02:41 (2342 turns).

Dittersdorf the Covered (Gargoyle Fighter)          Turns: 2342, Time: 00:02:41

Health: -3/39      AC: 15    Str: 21    XL:     6   Next: 4%
Magic:  6/6        EV:  7    Int:  9    God:
Gold:   141        SH:  4    Dex:  9    Spells: 5/5 levels left

rFire   . . .      SeeInvis .    a - +0 flail
rCold   . . .      Faith    +    c - +0 buckler
rNeg    + . .      Spirit   .    t - +0 chain mail
rPois   ∞          Reflect  .    e - +0 helmet
rElec   +          Rampage  .    (no cloak)
rCorr   .                        (no gloves)
Will    .....                    (no boots) Stlth
                                 p - amulet of faith
HPRegen 0.26/turn                m - ring of flight
MPRegen 0.10/turn                (no ring)

@: flying
A: sickness immunity, AC +4, negative energy resistance 1, electricity
resistance, torment resistance 1, petrification resistance
a: no special abilities


You were on level 3 of the Dungeon.
You visited 1 branch of the dungeon, and saw 3 of its levels.

You collected 141 gold pieces.

Inventory:

Hand Weapons
 a - a +0 flail (weapon)
Armour
 c - a +0 buckler (worn)
 e - a +0 helmet (worn)
 t - a +0 chain mail (worn)
Jewellery
 m - a ring of flight (left hand)
 p - an amulet of faith (around neck)
 s - a ring of ice
Scrolls
 b - a scroll of enchant weapon {unknown}
 g - 2 scrolls of teleportation {unknown}
 j - 2 scrolls of vulnerability {unknown}
 k - a scroll of torment {unknown}
 l - a scroll of fear {unknown}
 o - a scroll of enchant armour {unknown}
 q - a scroll of noise {unknown}
 u - a scroll of identify {unknown}
Potions
 d - 2 potions of might
 f - a potion of berserk rage {unknown}
 h - a potion of invisibility {unknown}
 i - 2 potions of curing {unknown}
 n - a potion of brilliance {unknown}
 r - a potion of resistance {unknown}


   Skills:
 + Level 4.5 Fighting
 + Level 3.5 Maces & Flails
 + Level 4.5 Armour
 + Level 4.5 Shields


You had 5 spell levels left.
You didn't know any spells.
Your spell library was empty.

Dungeon Overview and Level Annotations

Branches:
Dungeon (3/15)

Altars:
Dithmenos
Xom


Innate Abilities, Weirdness & Mutations

You are immune to sickness and miasma.
Your stone body is resilient. (AC +4)
You are immune to poison.
You resist negative energy. (rN+)
You are resistant to electric shocks. (rElec)
You are resistant to unholy torment.
You are immune to petrification.


Message History

You completely miss the goblin. The goblin barely misses you.
You barely miss the goblin.
The goblin hits you but does no damage. x2
You sock the goblin!
You kill the goblin!
You barely miss the goblin. The goblin closely misses you.
You hit the goblin.
You kill the goblin!
You hit the goblin.
You kill the goblin!
The ogre hits you with a +0 giant spiked club!!
Ouch! That really hurt!
You are too injured to fight recklessly!
You are too injured to fight recklessly!
You are too injured to fight recklessly!
You are too injured to fight recklessly!
You are too injured to fight recklessly!
You are too injured to fight recklessly!
You are too injured to fight recklessly!
You are too injured to fight recklessly!
You are too injured to fight recklessly!
You are too injured to fight recklessly!
You are too injured to fight recklessly!
You are too injured to fight recklessly!
You are too injured to fight recklessly!
You are too injured to fight recklessly!
You are too injured to fight recklessly!
You are too injured to fight recklessly!
You are too injured to fight recklessly!
You are too injured to fight recklessly!
You are too injured to fight recklessly!
You hit the ogre.
The ogre is lightly wounded.
You hit the ogre.
The ogre is moderately wounded.
The ogre hits you with a +0 giant spiked club!
* * * LOW HITPOINT WARNING * * *
You barely miss the ogre.
The ogre is moderately wounded.
The ogre hits you with a +0 giant spiked club.
You die...

## ##### .# #.g.#
.### ###((g#
#########
.#.#########
#.#...# .........
............#
#.##'# #.####.##
.#.########.#
#.@Og# #.####+##
...# #.# #.####
#<##..... ...# #.#
#.# #..#..... ..##
#.# #.# #..'##'##
.## #.###.#
#.##..#.. †#
#.....# ...##..#+#
.##########..######
###..#..#..
.†.................
#..+..+..
.......###..#######
#..#..#..


You could see an ogre and a goblin.

Vanquished Creatures
  3 crimson imps (D:3)
  An adder (D:2)
  3 gnolls (D:3)
  2 worms
  3 dart slugs
  6 ball pythons
  10 endoplasms
  13 goblins
  5 hobgoblins
  7 jackals
  3 quokkas
  9 bats
  3 frilled lizards
  6 kobolds
  4 rats
78 creatures vanquished.

Notes
Turn   | Place    | Note
-------+----------+-------------------------------------------
     0 | D:1      | Dittersdorf the Gargoyle Fighter began the quest for the
                  | Orb.
     0 | D:1      | Reached XP level 1. HP: 14/14 MP: 1/1
   334 | D:1      | Reached XP level 2. HP: 14/19 MP: 2/2
   386 | D:1      | Found a faded altar of an unknown god.
   609 | D:1      | Reached XP level 3. HP: 22/23 MP: 3/3
  1265 | D:2      | Reached XP level 4. HP: 29/29 MP: 4/4
  1709 | D:3      | Found a shadowy altar of Dithmenos.
  1980 | D:3      | Found a shimmering altar of Xom.
  2006 | D:3      | Reached XP level 5. HP: 33/33 MP: 5/5
  2311 | D:3      | Reached XP level 6. HP: 39/39 MP: 6/6
  2341 | D:3      | HP: 1/39 [ogre/+0 giant spiked club (12)]
  2342 | D:3      | Slain by an ogre

Illustrated notes

Levels and vault maps discovered:
D:1:      minmay_arrival_loop, layout_basic, chequers_ecumenical_altar_island,
          minmay_statues_item, minmay_small_reverse_x
D:2:      layout_basic, kennysheep_generic_room_11
D:3:      layout_loops_ring, mainiacjoe_overflow_24_doors, led_xom_imps,
          minmay_ogre_servants

Skill      XL: |  1  2  3  4 |
---------------+-------------+-----
Armour         | 4 |  4.5
Fighting       | 4 |  4.5
Shields        | 4 |  4.5
Maces & Flails | 3 |  3.5

Action                     |  1- 3 |  4- 6 || total
---------------------------+-------+-------++-------
  Melee: Flail             |   118 |   139 ||   257
 Armour: Scale mail        |    58 |    28 ||    86
         Chain mail        |       |    46 ||    46
  Dodge: Dodged            |    50 |    56 ||   106
  Block: Buckler           |    16 |    29 ||    45

Table legend: (Time is in decaauts)
 A = Elapsed time spent in this place.
 B = Non-inter-level travel time spent in this place.
 C = Inter-level travel time spent in this place.
 D = Time resting spent in this place.
 E = Time spent auto-exploring this place.
 F = Levels seen in this place.
 G = Mean time per level.
                   A        B        C        D        E       F      G
               +--------+--------+--------+--------+--------+-----+--------+
         Total |   2425 |   2400 |     25 |      0 |   1832 |   3 |  808.3 |
       Dungeon |   2425 |   2400 |     25 |      0 |   1832 |   3 |  808.3 |
               +--------+--------+--------+--------+--------+-----+--------+

Top non-repeatable levels by time:
     D:2: 952 daAuts
     D:1: 792 daAuts
     D:3: 681 daAuts
